 Dungeon Crawl Stone Soup version 0.26-a0-365-g11c2b627af (webtiles) character file.

Game seed: 14557936744769692203

(classic levelgen) 814025 EnegeticOcto the Cloud Mage (level 27, -9/234 HPs)
             Began as a Demigod Fire Elementalist on July 18, 2020.
             Killed from afar by an orb of fire (32 damage)
             ... with a bolt of fire
             ... on level 5 of the Realm of Zot on July 19, 2020.
             The game lasted 02:53:01 (83704 turns).

EnegeticOcto the Cloud Mage (DgFE)                 Turns: 83704, Time: 02:53:01

Health: -9/234     AC:  7    Str: 11    XL:     27
Magic:  6/54       EV: 18    Int: 45    God:
Gold:   6357       SH: 18    Dex: 16    Spells: 8/66 levels left

rFire    + + .     SeeInvis +   n - staff of fire
rCold    + + .     Faith    .   Z - +5 kite shield
rNeg     + . .     Spirit   .   S - +2 robe {Archmagi}
rPois    .         Reflect  .   Y - +3 crown of Dyrovepreva {rElec Int+2 SInv}
rElec    +         Harm     +   h - scarf {rC+ rF+}
rCorr    .         Rnd*Rage +   W - +0 pair of gloves of Dim Light {Harm +Blink rElec Stlth-}
MR       ++++.                  H - +2 pair of boots
Stlth    +.........             j - amulet of magic regeneration
HPRegen  0.49/turn              F - ring of Amorality {+Fly rN+ MR++}
MPRegen  0.59/turn              C - +6 ring of intelligence

@: about to teleport, no potions, corroded, hasted, very quick
A: berserk 1, cold resistance 1, high mp 1, sense surroundings 1, evolution 1
}: 4/15 runes: barnacled, slimy, silver, gossamer
a: Evoke Blink, Evoke Flight


You were on level 5 of the Realm of Zot.
You visited 11 branches of the dungeon, and saw 57 of its levels.
You visited 1 ziggurat, and saw 15 of its levels.
You also visited: Ossuary, Bailey and Ice Cave.

You collected 9502 gold pieces.
You spent 3145 gold pieces at shops.

Inventory:

Hand Weapons
 w - a +2 flail of distortion
Missiles
 a - 10 throwing nets (quivered) {!f}
Armour
 h - a scarf of resistance (worn)
 H - a +2 pair of boots (worn)
 S - a +2 robe of the Archmagi (worn)
 W - the +0 pair of gloves of Dim Light (worn) {Harm +Blink rElec Stlth-}
   (You acquired it on level 12 of the Dungeon)

   It insulates you from electricity.
   It lets you blink.
   It increases damage dealt and taken.
   It makes you less stealthy.
 Y - the +3 crown of Dyrovepreva (worn) {rElec Int+2 SInv}
   (You found it on level 5 of the Pits of Slime)

   It affects your intelligence (+2).
   It insulates you from electricity.
   It lets you see invisible.
 Z - a +5 kite shield (worn)
Magical Staves
 n - an uncursed staff of fire (weapon)
 P - an uncursed staff of wizardry
 V - an uncursed staff of energy
Jewellery
 j - an amulet of magic regeneration (around neck)
 C - a +6 ring of intelligence (right hand)
 F - the ring of Amorality (left hand) {+Fly rN+ MR++}
   (You found it on level 3 of the Crypt)

   [ring of positive energy]

   It protects you from negative energy.
   It affects your resistance to hostile enchantments.
   It lets you fly.
 R - the ring of Awe {+Blink rF+ Str+8 Int+4 SInv}
   (You found it on level 13 of a ziggurat)

   [ring of see invisible]

   It affects your strength (+8).
   It affects your intelligence (+4).
   It protects you from fire.
   It lets you see invisible.
   It lets you blink.
Wands
 c - a wand of enslavement (1)
 d - a wand of disintegration (11)
 s - a wand of polymorph (73)
 t - a wand of acid (37) {@v1}
 y - a wand of digging (26) {@v3}
 N - a wand of paralysis (30)
 T - a wand of clouds (20)
Scrolls
 b - 9 scrolls of fear {!r}
 g - 2 scrolls of enchant armour
 k - 5 scrolls of holy word
 p - 20 scrolls of identify {@r1}
 q - 5 scrolls of vulnerability
 x - 13 scrolls of fog {!r}
 z - 8 scrolls of immolation
 B - 22 scrolls of teleportation {@r3 !r}
 D - 10 scrolls of blinking {@r4}
 K - 15 scrolls of amnesia
 L - 4 scrolls of magic mapping {@r5 !r}
 M - 3 scrolls of summoning
Potions
 e - 13 potions of brilliance
 f - 24 potions of curing {@q1 !q}
 i - 5 potions of stabbing {@q5 !q}
 l - 12 potions of haste {@q4 !q}
 m - 8 potions of lignification {@q6}
 r - 6 potions of cancellation
 v - 13 potions of mutation
 G - 3 potions of berserk rage
 I - 2 potions of resistance
 J - 10 potions of heal wounds {@q2 !q}
 O - 12 potions of might {@q3 !q}
 Q - 4 potions of invisibility
 X - 7 potions of ambrosia
Miscellaneous
 o - 5 boxes of beasts
 u - a phial of floods
 A - a tin of tremorstones (3/3)
 U - a phantom mirror


   Skills:
 + Level 16.7 Fighting
 - Level 4.0 Armour
 - Level 8.0 Dodging
 - Level 1.7 Stealth
 - Level 15.0 Shields
 + Level 20.4 Spellcasting
 - Level 18.0 Conjurations
 - Level 4.0 Necromancy
 - Level 20.9 Fire Magic
 - Level 24.0 Air Magic
 - Level 8.0 Earth Magic
 - Level 6.0 Evocations


You had 8 spell levels left.
You knew the following spells:

 Your Spells              Type           Power        Failure   Level
a - Iron Shot             Conj/Erth      ########..   1%          6
b - Sticky Flame          Conj/Fire      ########     0%          4
c - Fireball              Conj/Fire      #########.   0%          5
d - Ignition              Fire           #########.   1%          8
e - Starburst             Conj/Fire      #########.   1%          6
f - Orb of Destruction    Conj           ########..   1%          7
g - Sublimation of Blood  Necr           #######...   1%          2
h - Irradiate             Conj/Tmut      ########..   1%          5
i - Tornado               Air            #########.   2%          9
j - Airstrike             Air            #########.   0%          4
Y - Blink                 Tloc           N/A          1%          2

Your spell library contained the following spells:

 Spells                   Type           Power        Failure   Level
 Foxfire                  Conj/Fire      ####         0%          1
 Magic Dart               Conj           ####         0%          1
 Shock                    Conj/Air       ####         0%          1
 Corpse Rot               Necr/Air       N/A          0%          2
 Poisonous Vapours        Pois/Air       ######       0%          2
 Searing Ray              Conj           ######       0%          2
 Swiftness                Air            ########     0%          2
 Conjure Flame            Conj/Fire      ########     0%          3
 Mephitic Cloud           Conj/Pois/Air  ########     0%          3
 Static Discharge         Conj/Air       ########     0%          3
 Stone Arrow              Conj/Erth      ######       0%          3
 Iskenderun's Battlesphe  Conj           ########     0%          5
 Lightning Bolt           Conj/Air       #########.   0%          5
 Conjure Ball Lightning   Conj/Air       #########.   0%          6
 Animate Skeleton         Necr           ######       1%          1
 Apportation              Tloc           ######       1%          1
 Beastly Appendage        Tmut           ######       1%          1
 Corona                   Hex            ######.      1%          1
 Freeze                   Ice            ####         1%          1
 Pain                     Necr           ####         1%          1
 Sting                    Tmut/Pois      ####         1%          1
 Summon Small Mammal      Summ           ####         1%          1
 Call Imp                 Summ           ######..     1%          2
 Ensorcelled Hibernation  Hex/Ice        ######       1%          2
 Slow                     Hex            ######..     1%          2
 Wereblood                Tmut           ######..     1%          2
 Call Canine Familiar     Summ           ######..     1%          3
 Confusing Touch          Hex            ######..     1%          3
 Dazzling Flash           Conj/Hex       ######       1%          3
 Frozen Ramparts          Ice            ######       1%          3
 Gell's Gravitas          Tloc           ######....   1%          3
 Ignite Poison            Fire/Tmut/Pois ########     1%          3
 Inner Flame              Hex/Fire       ########     1%          3
 Lesser Beckoning         Tloc           ######....   1%          3
 Ozocubu's Armour         Ice            ######..     1%          3
 Portal Projectile        Hex/Tloc       ######       1%          3
 Spider Form              Tmut/Pois      ######....   1%          3
 Summon Guardian Golem    Hex/Summ       ######..     1%          3
 Teleport Other           Tloc           ######..     1%          3
 Tukima's Dance           Hex            ######..     1%          3
 Vampiric Draining        Necr           #######...   1%          3
 Animate Dead             Necr           #######...   1%          4
 Dispel Undead            Necr           #######.     1%          4
 Hailstorm                Conj/Ice       ########     1%          4
 Iskenderun's Mystic Bla  Conj/Tloc      ########     1%          4
 Leda's Liquefaction      Hex/Erth       #######...   1%          4
 Petrify                  Tmut/Erth      #######.     1%          4
 Summon Lightning Spire   Summ/Air       ########     1%          4
 Bolt of Magma            Conj/Fire/Erth #########.   1%          5
 Borgnjor's Vile Clutch   Necr/Erth      #######...   1%          5
 Silence                  Hex/Air        ########..   1%          5
 Freezing Cloud           Conj/Ice/Air   ########..   1%          6
 Agony                    Necr           #######.     2%          5
 Excruciating Wounds      Necr           #######...   2%          5
 Cause Fear               Hex            ######....   4%          4
 Ice Form                 Ice/Tmut       ######..     4%          4
 Olgreb's Toxic Radiance  Pois           ######..     4%          4
 Passage of Golubria      Tloc           N/A          4%          4
 Summon Ice Beast         Ice/Summ       ######..     4%          4
 Spellforged Servitor     Conj/Summ      ########..   9%          7
 Alistair's Intoxication  Tmut/Pois      ######..     12%         5
 Blade Hands              Tmut           ######....   12%         5
 Metabolic Englaciation   Hex/Ice        ######....   12%         5
 Summon Forest            Summ/Tloc      ######....   12%         5
 Yara's Violent Unravell  Hex/Tmut       ######....   12%         5
 Death Channel            Necr           #######...   13%         6
 Statue Form              Tmut/Erth      #######..    13%         6
 Simulacrum               Ice/Necr       #######...   28%         6
 Dispersal                Tloc           ######....   54%         6
 Eringya's Noxious Bog    Tmut/Pois      ######....   54%         6
 Hydra Form               Tmut           ######....   54%         6
 Invisibility             Hex            ######..     54%         6
 Ozocubu's Refrigeration  Ice            ######....   54%         6
 Shadow Creatures         Summ           N/A          54%         6
 Haunt                    Necr/Summ      #######...   85%         7
 Dragon Form              Tmut           ######....   98%         7
 Malign Gateway           Summ/Tloc      ######....   98%         7
 Monstrous Menagerie      Summ           ######....   98%         7
 Summon Greater Demon     Summ           ######....   98%         7
 Summon Hydra             Summ           ######....   98%         7
 Borgnjor's Revivificati  Necr           #######...   99%         8
 Infestation              Necr           #######...   99%         8
 Controlled Blink         Tloc           N/A          100%        8
 Discord                  Hex            ######....   100%        8
 Disjunction              Tloc           ######....   100%        8
 Necromutation            Tmut/Necr      #######...   100%        8
 Summon Horrible Things   Summ           ######....   100%        8
 Death's Door             Necr           #######...   100%        9
 Dragon's Call            Summ           ######....   100%        9
 Shatter                  Erth           ########..   100%        9


Dungeon Overview and Level Annotations

Branches:
Dungeon (15/15)            Temple (0/1) D:6            Lair (6/6) D:9
 Shoals (4/4) Lair:2       Spider (4/4) Lair:2        Slime (5/5) Lair:5
    Orc (2/2) D:10            Elf (3/3) Orc:2        Vaults (5/5) D:14
  Crypt (3/3) Vaults:2       Tomb (0/3) Crypt:3      Depths (5/5) D:15
    Zot (5/5) Depths:5    Ossuary (visited)          Bailey (visited)
  IceCv (visited)

Shops:
D:7 (*(*   D:10 (*?   D:15 ?   Orc:2 ?*:!   Elf:3 =   Shoals:3 *   Vaults:2 =
Depths:1 }   Depths:4 *

Portals:
Hell: Depths:1 Depths:2 Depths:3 Depths:4 Depths:5
Abyss: Depths:1 Depths:3 Depths:4 Depths:5
Pandemonium: Depths:3

Annotations:
D:9 3 runed translucent doors
Shoals:3 Roxanne
Orc:1 2 runed translucent doors, exclusion: orange crystal statue
Orc:2 3 runed translucent doors, AnimeWaifu's ghost, journeyman DsBe
Elf:1 1 runed translucent door, Syotuv's ghost, adept MiBe
Elf:2 5 runed translucent doors
Vaults:4 3 runed translucent doors, Owio's ghost, adept MiGl
Crypt:3 1 exclusion
Zot:4 1 runed translucent door, Leosch's ghost, legendary GrFi
Zot:5 Tiamat


Innate Abilities, Weirdness & Mutations

You have an increased reservoir of magic. (+10% MP)
You tend to lose your temper in combat.
Your flesh is cold resistant. (rC+)
You passively map a small area around you.
You evolve.


Message History

Aim: Tiamat, wielding a +0 bardiche of protection and wearing the +4 dragonskin cloak (noxious fumes, moderately wounded)
You feel a surge of power!
You hear a roar!
A black draconian annihilator comes into view.
It is wielding a +2 vorpal long sword.
An ancient lich comes into view.
The orb of destruction hits Tiamat!!
Tiamat is moderately wounded.
Tiamat throws acid at you. The glob of acid hits you. The acid corrodes you!
You are splashed with acid!
The ancient lich gestures wildly while chanting.
Casting: Orb of Destruction (mildly dangerous; 1% risk of failure)
Confirm with . or Enter, or press ? or * to list all spells.
You feel a surge of power!
A great vortex of raging winds appears and lifts you up.
A Killer Klown comes into view. It is wielding a +9 vampiric club.
The Killer Klown shouts!
Tiamat hits you with a +0 bardiche of protection!!
Tiamat tail-slaps you!!
The black draconian annihilator is engulfed in noxious fumes.
The black draconian annihilator appears confused.
You see here the Orb of Zot.
Really quaff
l - 13 potions of haste {@q4 !q}?
You feel yourself speed up.
You destroy the ancient lich!
The reaper disappears in a puff of smoke!
You hear a shout! x2
Tiamat breathes frost at you. The chilling blast misses you.
The black draconian annihilator is engulfed in noxious fumes.
The black draconian annihilator appears confused.
A purple draconian comes into view. It is wielding a +0 trident.
Okay, then.
Casting: Tornado (dangerous; 2% risk of failure)
Confirm with . or Enter, or press ? or * to list all spells.
Aiming: Fireball (safe; 0% risk of failure)
Press: ? - help, Shift-Dir - straight line, p - Tiamat You feel a strong surge of power!
The fireball explodes!
The fireball engulfs Tiamat.
Tiamat is severely wounded.
The fireball engulfs the black draconian annihilator!!!
You kill the black draconian annihilator!
Tiamat drinks a potion.
Tiamat is healed!
An orb of fire comes into view.
Really read
B - 23 scrolls of teleportation {@r3 !r}?
As you read the scroll of teleportation {@r3 !r}, it crumbles to dust.
You feel strangely unstable.
You feel the Orb delaying your translocation!
You destroy the ancient lich!
The Killer Klown says, "Come and play with me!"
The Killer Klown blinks!
An orb of fire comes into view.
Tiamat hits you from afar with a +0 bardiche of protection!!!
* * * LOW HITPOINT WARNING * * *
Unknown command.
Okay, then.
Really quaff
J - 11 potions of heal wounds {@q2 !q}?
You feel much better.
The winds around you start to calm down.
You float gracefully downwards.
A purple draconian comes into view. It is wielding a +0 scimitar.
You are engulfed in raging winds.
A tentacled monstrosity comes into view.
The purple draconian moves out of view.
You see here the Orb of Zot.
Evoke which item? (* to show all) (? for menu, Esc to quit)
Aiming: Corrosive Bolt
Press: ? - help, Shift-Dir - straight line, f - orb of fire
Aim: an orb of fire (raging winds, lightly damaged)
The bolt of acid misses Tiamat.
The bolt of acid hits the orb of fire!
The orb of fire is splashed with acid.
The acid corrodes the orb of fire!
The orb of fire is moderately damaged.
You are engulfed in raging winds.
Really walk into that cloud of noxious fumes?
Okay, then.
Unknown command.
You are engulfed in raging winds.
The Killer Klown blinks!
The Killer Klown throws klown pie at you.
The klown pie misses you.
Evoke which item? (* to show all) (? for menu, Esc to quit)
Okay, then.
Evoke which item? (* to show all) (? for menu, Esc to quit)
Aiming: Corrosive Bolt
Press: ? - help, Shift-Dir - straight line, f/p - orb of fire
Aim: an orb of fire (lightly damaged, covered in acid)
The bolt of acid misses the orb of fire.
The bolt of acid hits Tiamat!
Tiamat is splashed with acid.
The acid corrodes Tiamat!
Tiamat is almost dead.
The Killer Klown throws klown pie at you.
The klown pie hits you!!
Lemon!
You feel unable to drink.
* * * LOW HITPOINT WARNING * * *
The winds around you calm down. Tiamat throws acid at you.
The glob of acid hits you!
* * * LOW HITPOINT WARNING * * *
You are splashed with acid!
* * * LOW HITPOINT WARNING * * *
The orb of fire glows bright magenta.
The bolt of fire hits you!! You resist.
You die...

▓▓▓▓▓# #▓▓▓▓▓▓▓▓▓▓▓ ,****
▓▓▓▓....... ,,,^*** ##▓..........
,,,,,,** ##............ ,,,,,,,*
▓▓▓▓▓▓▓▓▓ #.............
,,,,,,,*▓▓.......▓▓▓.....:)...(..
,,,,,,,▓▓....p..°.▓▓.............
,,,,,))▓.....d)§§..▓.............
,,,,^dXd...*.0*.@................
,,,,,.)▓....).§..^.▓.^...........
,,,,,,,▓▓..☼§.§...▓▓.............
,,,,,,,*▓▓§^.....▓▓▓.............
,,,,,,,* ▓▓▓▓▓▓▓▓▓ ▓.............
,,^,,^** ▓▓............ ,,,,***
▓▓▓.........^ ,**** *▓▓▓..).,,,
** ********


You could see Tiamat (catching breath, corroded), 2 orbs of fire and a Killer
Klown.

Vanquished Creatures
  the Royal Jelly (Slime:5)
  9 ancient liches
  4 orbs of fire (Zot:5)
  Mennas (Vaults:3)
  4 juggernauts
  Sojobo (Vaults:2)
  The ghost of Onnun the Warrior, a veteran GrFi of the Shining One (Crypt:2)
  A greater mummy (Zig:12)
  Boris (twice) (Vaults:3 Depths:4)
  A Killer Klown (Zot:5)
  Bai Suzhen (Vaults:2)
  Saint Roka (Crypt:1)
  Xtahua (Vaults:5)
  3 curse toes
  A caustic shrike (Depths:4)
  13 golden dragons
  5 electric golems
  Jorgrun (D:13)
  5 liches
  9 tentacled monstrosities
  A shard shrike skeleton (Crypt:2)
  2 deep elf master archers (Elf:3)
  22 Orb Guardians (Zot:5)
  4 quicksilver dragons
  2 deep elf blademasters (Elf:3)
  23 acid blobs
  Asterion (Elf:1)
  4 ancient champions
  Frances (Shoals:2)
  14 shadow dragons
  6 death cobs
  3 titans
  Polyphemus (Shoals:2)
  Gastronok (Orc:1)
  12 storm dragons
  5 sphinxes
  16 azure jellies
  Donald (Spider:3)
  6 revenants
  Kirke (Lair:4)
  Ilsuiw (Shoals:2)
  6 draconian monks
  7 tengu reavers
  10 fire giants
  16 vault wardens
  A balrug (Depths:4)
  6 draconian knights
  11 frost giants
  Aizul (Shoals:2)
  12 ghost moths
  6 draconian scorchers
  5 emperor scorpions
  9 deep elf sorcerers
  4 draconian shifters
  6 deep elf elementalists
  3 ghouls
  4 curse skulls
  Louise (Shoals:1)
  2 orc warlords
  2 spriggan defenders
  11 ironheart preservers
  A caustic shrike skeleton (Zig:10)
  21 very ugly things
  2 reapers (Zig:6)
  8 draconian annihilators
  14 stone giants
  A war gargoyle (Vaults:5)
  3 draconian stormcallers
  A juggernaut skeleton (Crypt:1)
  8 entropy weavers
  10 green draconians
  9 vampire knights
  A black sun (Zig:2)
  4 deep elf demonologists (Elf:3)
  9 deep elf annihilators
  Azrael (Spider:3)
  13 black draconians
  4 white draconians
  A spark wasp (shapeshifter) (Depths:4)
  7 yellow draconians
  8 purple draconians
  12 red draconians
  3 spark wasps
  7 deep elf death magi
  10 merfolk javelineers
  8 death oozes
  3 blizzard demons (Zig:10)
  4 eidola
  10 ettins
  17 merfolk impalers
  Snorg (D:10)
  Josephine (Lair:4)
  16 yaktaur captains
  8 jiangshi
  A green death (Zig:11)
  8 fire dragons
  A mummy priest (Zig:12)
  A deep elf high priest (Elf:3)
  Fannar (D:12)
  16 ice dragons
  18 great orbs of eyes
  10 hydras
  3 rakshasas
  3 shambling mangroves (Zig:11)
  A ghost crab (Zig:11)
  37 vault guards
  2 alligator snapping turtles
  2 catoblepae
  An anaconda (shapeshifter) (Vaults:5)
  2 spriggan air magi
  14 centaur warriors
  5 merfolk avatars
  3 merfolk aquamancers
  34 two-headed ogres
  2 death knights
  15 dancing weapons
  A queen ant (Spider:1)
  2 satyrs
  9 deep troll shamans
  A spectral storm dragon (Crypt:3)
  5 death scarabs (Zig:12)
  13 ogre magi
  3 alligators (Zig:11)
  5 spriggan berserkers
  2 hell hogs (Depths:4)
  2 orc high priests
  10 vampire magi
  3 tengu warriors (Depths:4)
  7 death yaks
  4 deep troll earth magi (Depths:4)
  A shock serpent (Depths:2)
  2 small abominations (Elf:3)
  11 hell knights
  Nergalle (D:10)
  5 soul eaters
  23 skeletal warriors
  A death drake (shapeshifter) (Vaults:5)
  A salamander mystic (Depths:4)
  14 deep elf knights
  A sixfirhy (Depths:2)
  2 titan skeletons
  A storm dragon zombie (Zig:12)
  28 deep trolls
  A spriggan druid (Zig:11)
  14 sea snakes
  2 unseen horrors
  5 flayed ghosts
  4 iron trolls
  17 shadow wraiths
  11 glowing orange brains
  23 ironbrand convokers
  A golden dragon zombie (Zig:10)
  2 storm dragon skeletons
  A spectral hydra (Crypt:3)
  An unseen horror (shapeshifter) (Vaults:4)
  4 wizards
  A death drake (Zig:11)
  A swamp dragon (Zig:11)
  A sphinx zombie (Depths:2)
  15 deep elf archers
  An orange crystal statue (Zig:11)
  An iron dragon zombie (Zig:12)
  A tengu zombie (Zig:4)
  A wolf spider zombie (D:14)
  14 orc knights
  29 phantasmal warriors
  47 ugly things
  A shadow dragon zombie (Zig:10)
  7 necromancers
  A lindwurm (Lair:5)
  17 orb spiders
  44 harpies
  2 stone giant zombies
  An orb spider (shapeshifter) (D:13)
  38 wolf spiders
  A frost giant zombie (Depths:2)
  63 deep elf magi
  17 cyclopes
  2 salamanders (Depths:4)
  A spectral ettin (Crypt:3)
  A sphinx skeleton (Zig:10)
  3 tengu skeletons
  22 manticores
  5 orc sorcerers
  3 fauns (Shoals:1)
  A guardian serpent (shapeshifter) (D:15)
  A salamander (shapeshifter) (Vaults:3)
  12 merfolk sirens
  27 moths of wrath
  10 elephants
  6 shining eyes
  Maurice (D:12)
  A fire giant skeleton (Zig:10)
  2 stone giant skeletons (Depths:2)
  6 water nymphs
  6 vault sentinels
  2 black mambas
  A water nymph (shapeshifter) (D:14)
  3 gargoyles
  4 ice statues
  A torpor snail (shapeshifter) (Vaults:5)
  A catoblepas zombie (Crypt:1)
  2 torpor snails (Spider:1)
  3 eyes of devastation
  A minotaur zombie (Crypt:3)
  Maggie (Lair:2)
  A red draconian zombie (Crypt:3)
  A yaktaur zombie (Vaults:4)
  A dire elephant skeleton (Crypt:1)
  A sea snake zombie (Crypt:2)
  9 komodo dragons
  A rime drake (Lair:5)
  4 cane toads
  A hellion (Zig:4)
  A rime drake (shapeshifter) (Depths:3)
  15 freezing wraiths
  A komodo dragon (shapeshifter) (Vaults:1)
  16 demonic crawlers
  32 yaktaurs
  A yaktaur (shapeshifter) (Depths:2)
  7 guardian mummies (Zig:12)
  5 kobold demonologists (D:14)
  A tormentor (Depths:3)
  2 human zombies
  A red devil (Depths:3)
  3 ice devils
  4 tengu conjurers
  A yaktaur skeleton (Vaults:4)
  2 hellwings (Depths:3)
  A jumping spider (shapeshifter) (Vaults:5)
  51 merfolk
  A queen bee (shapeshifter) (Elf:3)
  17 trolls
  A meliai (shapeshifter) (Elf:3)
  An elf skeleton (Zig:12)
  43 jumping spiders
  6 wind drakes
  A troll (shapeshifter) (Depths:1)
  A moth of wrath zombie (Crypt:2)
  2 slime creatures (shapeshifter)
  35 hornets
  6 polar bears
  A blink frog (shapeshifter) (Depths:4)
  17 snapping turtles
  3 raiju (Depths:2)
  14 blink frogs
  A spectral manticore (Crypt:3)
  14 hippogriffs
  2 bog bodies
  16 dream sheep
  111 slime creatures
  A redback (shapeshifter) (Vaults:5)
  23 flying skulls
  14 water elementals
  A vampire (D:13)
  38 tarantellas
  4 air elementals
  4 wyverns
  7 shadows (Crypt:3)
  16 wraiths
  An ice dragon skeleton (Crypt:2)
  25 yaks
  94 redbacks
  4 fire elementals
  A satyr skeleton (Crypt:1)
  4 ushabtiu (Zig:12)
  18 spriggans
  3 basilisks
  A fire bat (shapeshifter) (Vaults:4)
  8 golden eyes
  2 hogs (Lair:4)
  A steam dragon (D:13)
  A yaktaur simulacrum (Vaults:3)
  An elf simulacrum (Zig:12)
  A water nymph zombie (Crypt:1)
  8 wargs
  A warg (shapeshifter) (Vaults:3)
  4 acid dragons
  23 soldier ants
  12 water moccasins
  14 porcupines
  10 hell hounds
  An infernal demonspawn zombie (Crypt:1)
  A floating eye (Depths:3)
  51 orc warriors
  4 eyes of draining
  10 ice beasts
  6 sky beasts
  5 black bears
  6 necrophages
  2 phantoms
  25 centaurs
  43 ogres
  24 boggarts
  A lindwurm zombie (Crypt:1)
  20 wolves
  2 snapping turtle skeletons (Crypt:3)
  11 crocodiles
  3 big kobolds
  22 bullfrogs
  A komodo dragon zombie (Crypt:1)
  4 earth elementals
  A warg zombie (Crypt:1)
  A glowing shapeshifter simulacrum (Vaults:4)
  6 water moccasin zombies (Ossuary)
  A cyclops skeleton (Crypt:2)
  4 scorpions
  A wyvern skeleton (Crypt:3)
  2 water moccasin skeletons
  A raiju zombie (Crypt:3)
  A killer bee (D:11)
  A warg skeleton (Crypt:1)
  An electric eel (Lair:4)
  25 wights
  6 howler monkeys
  7 centaur zombies
  10 hounds
  3 jellies
  3 bullfrog zombies
  Crazy Yiuf (D:3)
  29 orc wizards
  21 orc priests
  A bullfrog skeleton (D:12)
  8 centaur skeletons
  A gnoll shaman (D:5)
  3 iguanas
  Ijyb (D:3)
  A porcupine zombie (Crypt:2)
  A porcupine skeleton (Crypt:3)
  31 worker ants
  4 big kobold zombies (Ossuary)
  A naga zombie (Crypt:1)
  A hound zombie (Crypt:1)
  A hound skeleton (D:4)
  10 mummies
  3 worker ant zombies
  10 adders
  11 gnolls
  2 shadow imps (D:6)
  22 white imps
  An ufetubus (D:9)
  An ooze (D:3)
  2 adder skeletons
  5 adder zombies
  A lava snake zombie (Crypt:2)
  A worm (D:2)
  A dart slug (D:2)
  4 leopard geckos
  145 orcs
  3 ball pythons
  10 bats
  5 giant cockroaches
  2 gnoll zombies (Ossuary)
  33 goblins
  25 hobgoblins
  8 jackals
  6 quokkas
  10 frilled lizards
  A hobgoblin skeleton (Crypt:2)
  4 hobgoblin zombies (Ossuary)
  2 jackal skeletons
  A jackal zombie (D:8)
  18 kobolds
  3 kobold zombies (Ossuary)
  2 orc zombies (Ossuary)
  3 rats
  A spectral orc (D:9)
  8 bushes
  8 crawling corpses (Elf:3)
  11 fungi
  27 plants
3030 creatures vanquished.

Vanquished Creatures (collateral kills)
  A purple draconian (Zot:2)
1 creature vanquished.

Vanquished Creatures (others)
  2 death cobs (Zot:2)
  A storm dragon (Depths:4)
  A stone giant (Depths:4)
  A spriggan air mage (Depths:4)
  2 deep trolls (Depths:4)
  A yaktaur (Depths:4)
  3 hornets
  2 spriggans (Depths:4)
  3 humans (Lair:4)
  An orc wizard (D:10)
  An orc (Crypt:1)
  A bush (Lair:4)
  1309 foxfires
  5 fungi
  5 plants
  2 withered plants (Zot:4)
1340 creatures vanquished.

Grand Total: 4371 creatures vanquished

Notes
Turn   | Place    | Note
-------+----------+-------------------------------------------
     0 | D:1      | EnegeticOcto the Demigod Fire Elementalist began the quest
                  | for the Orb.
     0 | D:1      | Reached XP level 1. HP: 14/14 MP: 5/5
    13 | D:1      | Reached skill level 1 in Conjurations
   172 | D:1      | Reached skill level 2 in Conjurations
   172 | D:1      | Reached XP level 2. HP: 20/20 MP: 1/7
   776 | D:2      | Reached XP level 3. HP: 26/26 MP: 3/8
   937 | D:2      | Reached skill level 3 in Conjurations
  1038 | D:2      | Reached skill level 3 in Fire Magic
  1787 | D:3      | Found a shimmering altar of Xom.
  2018 | D:3      | Noticed Ijyb
  2040 | D:3      | Killed Ijyb
  2040 | D:3      | Reached skill level 2 in Spellcasting
  2040 | D:3      | Reached XP level 4. HP: 31/33 MP: 7/9
  2623 | D:3      | Learned a level 4 spell: Sticky Flame
  2624 | D:3      | Found a runed translucent door.
  2625 | D:3      | Noticed Crazy Yiuf
  2642 | D:3      | Killed Crazy Yiuf
  2818 | D:4      | Reached XP level 5. HP: 38/38 MP: 6/11
  2821 | D:4      | Reached skill level 4 in Fire Magic
  2821 | D:4      | Reached skill level 3 in Spellcasting
  2875 | D:4      | Found a sand-covered staircase.
  2885 | Ossuary  | Entered an ossuary
  2912 | Ossuary  | Reached XP level 6. HP: 40/45 MP: 9/14
  2946 | Ossuary  | Reached skill level 5 in Fire Magic
  2953 | Ossuary  | HP: 2/45 [big kobold zombie (3)]
  2956 | Ossuary  | Reached skill level 4 in Spellcasting
  3367 | Ossuary  | Reached skill level 4 in Conjurations
  3496 | Ossuary  | Reached XP level 7. HP: 36/50 MP: 11/16
  3682 | D:4      | Reached skill level 5 in Conjurations
  3689 | D:4      | Learned a level 5 spell: Fireball
  3745 | D:4      | Got a bloodstained trident
  3746 | D:4      | Identified the +10 trident of Division {flame, *Noise +Fly
                  | Str+7 Dex-5} (You found it on level 4 of the Dungeon)
  4068 | D:5      | Entered Level 5 of the Dungeon
  4091 | D:5      | Reached skill level 6 in Fire Magic
  4264 | D:5      | Reached XP level 8. HP: 57/57 MP: 13/17
  4272 | D:5      | Reached skill level 7 in Fire Magic
  4325 | D:5      | Found a glowing golden altar of the Shining One.
  4325 | D:5      | Found a blossoming altar of Fedhas.
  4867 | D:6      | Reached skill level 6 in Conjurations
  5018 | D:6      | Found a stormy altar of Qazlal.
  5097 | D:6      | Found a white marble altar of Elyvilon.
  5196 | D:6      | Found a staircase to the Ecumenical Temple.
  5250 | D:6      | Reached skill level 7 in Conjurations
  5621 | D:6      | Reached skill level 8 in Fire Magic
  5910 | D:7      | Found Anutyad's Assorted Antiques.
  5915 | D:7      | Found Xioloschosu's Antique Weapon Emporium.
  5918 | D:7      | Bought a scroll labeled UZUXOCK JECARO for 28 gold pieces
  5934 | D:7      | Bought a scroll of teleportation for 84 gold pieces
  5934 | D:7      | Bought a pair of gloves for 126 gold pieces
  5947 | D:7      | Found Avyes's Weapon Shoppe.
  6147 | D:7      | Found Emetekewk's Assorted Antiques.
  6168 | D:7      | Bought a scroll of teleportation for 66 gold pieces
  6168 | D:7      | Bought a scroll of fog for 44 gold pieces
  6411 | D:8      | Found a flagged portal.
  6419 | D:8      | Reached XP level 9. HP: 51/62 MP: 14/19
  6427 | Bailey   | Entered a bailey
  6980 | Bailey   | Reached skill level 1 in Fighting
  7076 | Bailey   | Reached skill level 2 in Fighting
  7146 | Bailey   | Reached skill level 3 in Fighting
  7170 | Bailey   | Reached skill level 8 in Conjurations
  7170 | Bailey   | Reached skill level 5 in Spellcasting
  7204 | Bailey   | Identified the cursed +1 plate armour of Pevutugu {MP+9}
  7589 | Bailey   | Noticed an orc warlord
  7602 | Bailey   | Killed an orc warlord
  7602 | Bailey   | Reached skill level 6 in Spellcasting
  7602 | Bailey   | Reached skill level 9 in Fire Magic
  7605 | Bailey   | Noticed an orc knight
  7612 | Bailey   | Killed an orc knight
  7612 | Bailey   | Reached XP level 10. HP: 77/77 MP: 1/22
  7783 | Bailey   | Identified a scroll of acquirement
  7783 | Bailey   | Acquired the Catalogue of the Excruciating Oath
  7792 | Bailey   | Learned a level 6 spell: Starburst
  7996 | D:8      | Noticed a two-headed ogre
  8007 | D:8      | Killed a two-headed ogre
  8007 | D:8      | Reached skill level 9 in Conjurations
  8007 | D:8      | Reached skill level 2 in Dodging
  8206 | D:8      | Reached skill level 3 in Dodging
  8654 | D:9      | Found a hazy altar of Hepliaklqana.
  8835 | D:9      | Found a runed translucent gate.
  8835 | D:9      | Found a runed translucent gate.
  8837 | D:9      | Noticed a glowing orange brain
  8838 | D:9      | Noticed a cyan very ugly thing
  8839 | D:9      | Found a runed translucent gate.
  8839 | D:9      | Noticed a white ugly thing
  8839 | D:9      | Noticed a green ugly thing
  8840 | D:9      | Noticed a cyan ugly thing
  8840 | D:9      | Noticed a white ugly thing
  8935 | D:9      | Found a staircase to the Lair.
  9148 | D:9      | Found a basalt altar of Yredelemnul.
  9372 | D:9      | Reached skill level 4 in Dodging
  9569 | D:10     | Entered Level 10 of the Dungeon
  9577 | D:10     | Found an opulent altar of Gozag.
  9606 | D:10     | Noticed Snorg
  9610 | D:10     | Killed Snorg
  9610 | D:10     | Reached skill level 10 in Fire Magic
  9724 | D:10     | Found a staircase to the Orcish Mines.
  9870 | D:10     | Noticed Nergalle
  9874 | D:10     | Killed Nergalle
  9935 | D:10     | Found Woyxzoa's Weapon Emporium.
 10175 | D:10     | Found Puclutuf's Magic Scroll Boutique.
 10179 | D:10     | Bought a scroll of fog for 30 gold pieces
 10179 | D:10     | Bought a scroll of teleportation for 45 gold pieces
 10179 | D:10     | Bought a scroll of blinking for 112 gold pieces
 10179 | D:10     | Bought a scroll of identify for 30 gold pieces
 10179 | D:10     | Bought a scroll of identify for 30 gold pieces
 10372 | D:10     | Reached XP level 11. HP: 81/81 MP: 22/25
 10424 | D:10     | Found Luogg's Demolitions Depot.
 10632 | D:11     | Reached skill level 7 in Spellcasting
 10970 | D:11     | Reached skill level 10 in Conjurations
 11296 | D:11     | Reached skill level 8 in Spellcasting
 12043 | D:11     | Noticed a two-headed ogre
 12049 | D:11     | Killed a two-headed ogre
 12049 | D:11     | Reached skill level 1 in Evocations
 12074 | D:11     | Reached skill level 2 in Evocations
 12221 | D:11     | Reached skill level 4 in Fighting
 12539 | Lair:1   | Entered Level 1 of the Lair of Beasts
 12616 | Lair:1   | Reached skill level 3 in Evocations
 12633 | Lair:1   | Noticed an eight-headed hydra
 12641 | Lair:1   | Killed an eight-headed hydra
 12963 | Lair:1   | Reached skill level 5 in Fighting
 13151 | Lair:1   | Reached skill level 4 in Evocations
 13527 | Lair:1   | Reached XP level 12. HP: 94/94 MP: 22/28
 13644 | Lair:1   | Reached skill level 11 in Fire Magic
 14259 | Lair:2   | Found a frozen archway.
 14268 | IceCv    | Entered an ice cave
 14277 | IceCv    | Found a transporter.
 14289 | IceCv    | Reached skill level 6 in Fighting
 14397 | IceCv    | Reached skill level 5 in Evocations
 14411 | IceCv    | Found a transporter.
 14623 | IceCv    | Got a faintly glowing arbalest
 14636 | Lair:2   | Identified the +1 arbalest of Annihilation {elec, Dex+2}
                  | (You found it in an ice cave)
 14685 | Lair:2   | Noticed Maggie
 14689 | Lair:2   | Killed Maggie
 14733 | Lair:2   | Found a hole to the Spider Nest.
 15129 | Lair:2   | Found a staircase to the Shoals.
 15596 | Lair:3   | Noticed a six-headed hydra
 15600 | Lair:3   | Killed a six-headed hydra
 15600 | Lair:3   | Reached skill level 6 in Evocations
 15737 | Lair:3   | Reached skill level 9 in Spellcasting
 15759 | Lair:3   | Reached skill level 11 in Conjurations
 16149 | Lair:3   | Noticed an eight-headed hydra
 16152 | Lair:3   | Killed an eight-headed hydra
 16700 | Lair:4   | Noticed a seven-headed hydra
 16790 | Lair:4   | Noticed Kirke
 16796 | Lair:4   | Killed Kirke
 16796 | Lair:4   | Reached skill level 10 in Spellcasting
 16859 | Lair:4   | Noticed Josephine
 16862 | Lair:4   | Killed Josephine
 16862 | Lair:4   | Noticed a four-headed hydra
 16957 | Lair:4   | Reached XP level 13. HP: 101/101 MP: 21/32
 17076 | Lair:4   | Reached skill level 11 in Spellcasting
 17126 | Lair:4   | You fall into a shaft and drop 2 floors!
 17126 | Lair:6   | Entered Level 6 of the Lair of Beasts
 17432 | Lair:5   | Reached skill level 12 in Spellcasting
 18435 | Lair:5   | Found a viscous altar of Jiyva.
 18435 | Lair:5   | Found a staircase to the Slime Pits.
 19075 | Lair:6   | Reached skill level 12 in Fire Magic
 19486 | Lair:6   | Reached skill level 1 in Shields
 19854 | Lair:6   | Reached skill level 4 in Shields
 19854 | Lair:6   | Reached XP level 14. HP: 110/110 MP: 35/35
 20221 | Lair:4   | Reached skill level 12 in Conjurations
 20606 | Orc:1    | Entered Level 1 of the Orcish Mines
 20606 | Orc:1    | Noticed Gastronok
 20610 | Orc:1    | Killed Gastronok
 20610 | Orc:1    | Reached skill level 7 in Fighting
 20633 | Orc:1    | Reached skill level 8 in Fighting
 20701 | Orc:1    | Reached XP level 15. HP: 66/120 MP: 23/36
 21258 | Orc:1    | You fall into a shaft and drop 1 floor!
 21258 | Orc:2    | Entered Level 2 of the Orcish Mines
 21603 | Orc:1    | Found a runed translucent door.
 21612 | Orc:1    | Found the +10 tower shield of Ignorance {rN+ Int-4}
 21732 | Orc:1    | Found a runed translucent door.
 21835 | Orc:2    | Found Cubank's Magic Scroll Emporium.
 22318 | Orc:2    | Found a staircase to the Elven Halls.
 22334 | Orc:2    | Reached skill level 13 in Fire Magic
 22686 | Orc:2    | Found Viex's Book Shoppe.
 22698 | Orc:2    | Found Ryanex's General Store.
 22733 | Orc:2    | Reached skill level 13 in Spellcasting
 22907 | Orc:2    | Found a runed translucent gate.
 22908 | Orc:2    | Found a runed translucent gate.
 22908 | Orc:2    | Found a runed translucent gate.
 22915 | Orc:2    | Noticed AnimeWaifu's ghost (journeyman DsBe)
 23047 | Orc:2    | Bought a scroll of magic mapping for 45 gold pieces
 23054 | Orc:2    | Found Ijimon's Distillery.
 23395 | Orc:2    | Bought a potion of haste for 110 gold pieces
 23395 | Orc:2    | Bought a scroll of enchant armour for 82 gold pieces
 23417 | Orc:2    | Bought a scroll of teleportation for 39 gold pieces
 23545 | D:12     | Noticed Maurice
 23549 | D:12     | Killed Maurice
 23886 | D:12     | Got a jewelled cloak
 23897 | D:12     | Identified the +0 cloak of Foolhardiness {Harm rElec Str-5
                  | Dex-3} (You found it on level 12 of the Dungeon)
 24415 | D:12     | Noticed Fannar
 24417 | D:12     | Killed Fannar
 24612 | D:12     | Acquired the +0 pair of gloves of Dim Light {Harm +Blink
                  | rElec Stlth-}
 25000 | D:13     | Noticed Jorgrun
 25007 | D:13     | Killed Jorgrun
 25847 | D:14     | Found an ancient bone altar of Kikubaaqudgha.
 25865 | D:14     | Reached skill level 14 in Fire Magic
 26677 | D:14     | Reached XP level 16. HP: 115/128 MP: 28/39
 26734 | D:14     | Reached skill level 14 in Spellcasting
 26875 | D:14     | Found a gate to the Vaults.
 26929 | D:15     | Entered Level 15 of the Dungeon
 26929 | D:15     | Found Cutarhaq's Magic Scroll Shop.
 26933 | D:15     | Bought a scroll of enchant armour for 127 gold pieces
 27423 | D:15     | Found a staircase to the Depths.
 28584 | D:10     | Bought a book of the Tempests for 1120 gold pieces
 28584 | D:10     | Bought a wand of acid (7) for 352 gold pieces
 28597 | D:10     | Learned a level 8 spell: Ignition
 28739 | Shoals:1 | Entered Level 1 of the Shoals
 28920 | Shoals:1 | Reached skill level 15 in Fire Magic
 29198 | Shoals:1 | Noticed Louise
 29290 | Shoals:1 | Killed Louise
 30157 | Shoals:1 | Reached skill level 15 in Spellcasting
 30837 | Shoals:2 | Noticed Aizul
 30854 | Shoals:2 | Noticed Polyphemus
 30870 | Shoals:2 | Noticed Frances
 30885 | Shoals:2 | Killed Frances
 30885 | Shoals:2 | Reached skill level 16 in Fire Magic
 30933 | Shoals:2 | Upgraded the game from 0.26-a0-362-g1d9a9cd4fa to
                  | 0.26-a0-365-g11c2b627af
 31091 | Shoals:2 | Identified the +3 rapier of Waengey {freeze, rElec rC-
                  | Str-4 Dex+6}
 31598 | Shoals:2 | Killed Aizul
 31771 | Shoals:2 | Noticed Ilsuiw
 31786 | Shoals:2 | Killed Ilsuiw
 31979 | Shoals:2 | Reached XP level 17. HP: 133/134 MP: 17/41
 32205 | Shoals:2 | Killed Polyphemus
 32456 | Shoals:3 | Reached skill level 17 in Fire Magic
 33016 | Shoals:3 | Found Gunninad's Assorted Antiques.
 33035 | Shoals:3 | Identified Roxanne's Catalogue of Transformation
 33035 | Shoals:3 | Noticed Roxanne
 34040 | Shoals:3 | Reached skill level 18 in Fire Magic
 34126 | Shoals:4 | Entered Level 4 of the Shoals
 34144 | Shoals:4 | Got a barnacled rune of Zot
 34971 | Shoals:4 | Reached skill level 5 in Dodging
 35320 | Spider:1 | Entered Level 1 of the Spider Nest
 35577 | Orc:2    | Bought a book of Power for 675 gold pieces
 35584 | Orc:2    | Learned a level 6 spell: Iron Shot
 35762 | Spider:1 | Reached skill level 1 in Earth Magic
 35842 | Spider:1 | Reached skill level 9 in Fighting
 35950 | Spider:1 | Reached skill level 2 in Earth Magic
 36169 | Spider:1 | Reached skill level 6 in Dodging
 36191 | Spider:1 | Reached skill level 3 in Earth Magic
 36407 | Spider:1 | Reached XP level 18. HP: 145/145 MP: 26/43
 37474 | Spider:1 | Reached skill level 4 in Earth Magic
 38364 | Spider:3 | Reached skill level 5 in Earth Magic
 38563 | Spider:3 | Noticed Donald
 38566 | Spider:3 | Killed Donald
 38566 | Spider:3 | Reached skill level 7 in Dodging
 38937 | Spider:3 | Reached skill level 6 in Earth Magic
 38940 | Spider:3 | Noticed Azrael
 38947 | Spider:3 | Killed Azrael
 39730 | Spider:3 | Reached skill level 10 in Fighting
 39823 | Spider:4 | Entered Level 4 of the Spider Nest
 40280 | Spider:4 | Reached skill level 7 in Earth Magic
 40938 | Spider:4 | Reached skill level 8 in Dodging
 40938 | Spider:4 | Reached skill level 8 in Earth Magic
 40938 | Spider:4 | Reached skill level 16 in Spellcasting
 41016 | Spider:4 | Identified the Collected Works on Flamy Snow
 41034 | Spider:4 | Got a gossamer rune of Zot
 41349 | Spider:4 | Learned a level 2 spell: Blink
 41357 | Spider:4 | Learned a level 7 spell: Orb of Destruction
 41611 | Elf:1    | Entered Level 1 of the Elven Halls
 42728 | Elf:1    | Reached XP level 19. HP: 154/154 MP: 32/45
 42826 | Elf:1    | Noticed Asterion
 42829 | Elf:1    | Killed Asterion
 43251 | Elf:1    | Found a runed translucent door.
 43258 | Elf:1    | Noticed Syotuv's ghost (adept MiBe)
 43453 | Elf:1    | Identified the Grimoire of Arcane Weapons
 44043 | Elf:2    | Reached skill level 5 in Shields
 44301 | Elf:2    | Found a huge runed translucent gate.
 44301 | Elf:2    | Found a huge runed translucent gate.
 44301 | Elf:2    | Found a huge runed translucent gate.
 44301 | Elf:2    | Found a huge runed translucent gate.
 44301 | Elf:2    | Found a huge runed translucent gate.
 44348 | Elf:3    | Entered Level 3 of the Elven Halls
 45023 | Elf:3    | Found Tyihi's Jewellery Emporium.
 45158 | Elf:3    | Learned a level 2 spell: Sublimation of Blood
 45554 | Elf:3    | Reached skill level 6 in Shields
 45557 | Elf:3    | Reached skill level 13 in Conjurations
 45562 | Elf:3    | Reached skill level 7 in Shields
 45562 | Elf:3    | Reached skill level 19 in Fire Magic
 46116 | Elf:3    | Identified the +2 scale mail "Bakewar" {Str+5 Slay-5} (You
                  | found it on level 3 of the Elven Halls)
 46531 | Vaults:1 | Entered Level 1 of the Vaults
 46575 | Vaults:1 | Reached skill level 17 in Spellcasting
 46818 | Vaults:1 | Reached XP level 20. HP: 161/161 MP: 38/47
 46895 | Vaults:1 | Identified the ring "Iquop" {rN+ Str+3} (You found it on
                  | level 1 of the Vaults)
 47129 | Vaults:1 | Reached skill level 8 in Shields
 48313 | Vaults:2 | Noticed Bai Suzhen
 48324 | Vaults:2 | Killed Bai Suzhen
 48324 | Vaults:2 | Reached skill level 9 in Shields
 49217 | Vaults:2 | Found a staircase to the Crypt.
 49219 | Vaults:2 | Reached skill level 10 in Shields
 49219 | Vaults:2 | Reached skill level 14 in Conjurations
 49668 | Vaults:2 | Found Xullien's Jewellery Emporium.
 50695 | Vaults:3 | Noticed Mennas
 50696 | Vaults:3 | Killed Mennas
 50894 | Vaults:3 | Reached skill level 11 in Shields
 51205 | Vaults:3 | Noticed Boris
 51208 | Vaults:3 | Killed Boris
 51719 | Vaults:3 | Reached XP level 21. HP: 168/168 MP: 35/48
 51981 | Vaults:3 | Reached skill level 12 in Shields
 52386 | Vaults:4 | Reached skill level 1 in Necromancy
 52586 | Vaults:4 | Reached skill level 20 in Fire Magic
 52700 | Vaults:4 | Reached skill level 2 in Necromancy
 53252 | Vaults:4 | Reached skill level 15 in Conjurations
 53379 | Vaults:4 | Reached skill level 3 in Necromancy
 53382 | Vaults:4 | Reached skill level 13 in Shields
 53517 | Vaults:4 | Found a runed translucent gate.
 53518 | Vaults:4 | Found a runed translucent gate.
 53518 | Vaults:4 | Found a runed translucent gate.
 54033 | Vaults:4 | Noticed Owio's ghost (adept MiGl)
 54145 | Crypt:1  | Entered Level 1 of the Crypt
 54192 | Crypt:1  | Noticed Saint Roka
 54237 | Crypt:1  | Killed Saint Roka
 54321 | Crypt:1  | Noticed Sojobo
 54359 | Vaults:2 | Killed Sojobo
 54698 | Crypt:1  | Reached skill level 4 in Necromancy
 55917 | Crypt:2  | Reached skill level 14 in Shields
 56648 | Crypt:2  | Identified the +4 ring mail of the Stonemason {Regen+ Int-2
                  | Slay+5} (You found it on level 2 of the Crypt)
 56985 | Crypt:2  | Identified the +3 chain mail of Gewe {rN+} (You found it on
                  | level 2 of the Crypt)
 57049 | Crypt:2  | Found a runed translucent door.
 57050 | Crypt:2  | Noticed Onnun's ghost (veteran GrFi)
 57342 | Crypt:2  | Killed Onnun's ghost
 57342 | Crypt:2  | Reached XP level 22. HP: 105/174 MP: 9/49
 57550 | Crypt:3  | Entered Level 3 of the Crypt
 58218 | Crypt:3  | Found a staircase to the Tomb.
 58296 | Crypt:3  | Reached skill level 15 in Shields
 58307 | Crypt:3  | Reached skill level 16 in Conjurations
 58447 | Crypt:3  | Found an ancient bone altar of Kikubaaqudgha.
 59585 | Crypt:3  | Found the cursed +13 scythe of Curses {drain, *Curse}
 59588 | Crypt:3  | Found the +8 Wrath of Trog {antimagic, *Rage}
 59591 | Crypt:3  | Identified the Guide on Evil
 59593 | Crypt:3  | Identified the Grimoire of Flames and Snow
 59607 | Crypt:3  | Identified the ring of Amorality {+Fly rN+ MR++} (You found
                  | it on level 3 of the Crypt)
 59608 | Crypt:3  | Identified the ring "Yteleoh" {rF+ rN+ MP-9 Int+4} (You
                  | found it on level 3 of the Crypt)
 59609 | Crypt:3  | Identified the ring of Ypheof {+Inv rF- rN+ MR+ Dex+2} (You
                  | found it on level 3 of the Crypt)
 59663 | Crypt:3  | Reached skill level 17 in Conjurations
 60121 | Depths:1 | Entered Level 1 of the Depths
 60188 | Depths:1 | Found a runed translucent door.
 60275 | Depths:1 | You fall into a shaft and drop 1 floor!
 61054 | Depths:1 | Found Urgheklepn's Gadget Emporium.
 61060 | Depths:1 | Found a gateway to Hell.
 61100 | Depths:1 | Found a one-way gate to the infinite horrors of the Abyss.
 61128 | Depths:1 | Identified the cursed +0 ring mail "Muemecru" {MR+} (You
                  | found it on level 1 of the Depths)
 61437 | Depths:1 | Reached skill level 18 in Conjurations
 61437 | Depths:1 | Reached skill level 1 in Armour
 61605 | Depths:2 | Reached skill level 2 in Armour
 62887 | Depths:3 | Reached skill level 3 in Armour
 63561 | Depths:3 | Reached XP level 23. HP: 183/183 MP: 34/50
 63565 | Depths:3 | Reached skill level 4 in Armour
 64156 | Depths:3 | Found a one-way gate leading to the halls of Pandemonium.
 64248 | Depths:3 | Reached skill level 11 in Fighting
 64505 | Depths:3 | Noticed a juggernaut
 64510 | Depths:3 | Killed a juggernaut
 65040 | Depths:4 | Noticed Boris
 65042 | Depths:4 | Killed Boris
 65151 | Depths:4 | Noticed a juggernaut
 65155 | Depths:4 | Killed a juggernaut
 65413 | Depths:4 | Found a gateway to a ziggurat.
 65521 | Depths:4 | Reached skill level 12 in Fighting
 65709 | Depths:4 | Found Fynnoc's General Store.
 65895 | Depths:4 | Reached skill level 18 in Spellcasting
 66239 | Zig:1    | Entered Level 1 of a ziggurat
 66255 | Zig:2    | Entered Level 2 of a ziggurat
 66257 | Zig:2    | Reached skill level 1 in Air Magic
 66271 | Zig:3    | Entered Level 3 of a ziggurat
 66293 | Zig:4    | Entered Level 4 of a ziggurat
 66374 | Zig:4    | Identified the amulet of Teury {Faith rElec} (You found it
                  | on level 4 of a ziggurat)
 66384 | Zig:5    | Entered Level 5 of a ziggurat
 66387 | Zig:5    | Reached skill level 2 in Air Magic
 66399 | Zig:5    | Identified Apsuorr's Handbook of Greatest Risks and Utility
 66403 | Zig:5    | Identified the Tome of Confrontation
 66408 | Zig:5    | Identified the ring "Sisol" {+Fly Str+3 Int+6 Dex-3} (You
                  | found it on level 5 of a ziggurat)
 66456 | Zig:6    | Entered Level 6 of a ziggurat
 66462 | Zig:6    | Reached skill level 3 in Air Magic
 66514 | Zig:6    | Found the +0 staff of Battle
 66561 | Zig:7    | Entered Level 7 of a ziggurat
 66564 | Zig:7    | Noticed a juggernaut
 66566 | Zig:7    | Reached skill level 4 in Air Magic
 66567 | Zig:7    | Killed a juggernaut
 66569 | Zig:7    | Reached skill level 5 in Air Magic
 66701 | Zig:7    | Reached skill level 13 in Fighting
 66701 | Zig:7    | Reached XP level 24. HP: 200/200 MP: 51/51
 66706 | Zig:8    | Entered Level 8 of a ziggurat
 66713 | Zig:8    | Noticed a juggernaut
 66717 | Zig:8    | Killed a juggernaut
 66717 | Zig:8    | Reached skill level 6 in Air Magic
 66756 | Zig:8    | Identified the Compendium of Black Rites and the Glacier
 66795 | Zig:9    | Entered Level 9 of a ziggurat
 66804 | Zig:9    | Reached XP level 25. HP: 207/207 MP: 36/51
 66834 | Zig:9    | Learned a level 5 spell: Irradiate
 66845 | Zig:10   | Entered Level 10 of a ziggurat
 66855 | Zig:10   | Reached skill level 7 in Air Magic
 66923 | Zig:10   | Reached skill level 9 in Air Magic
 66923 | Zig:10   | Reached XP level 26. HP: 216/216 MP: 52/52
 66942 | Zig:11   | Entered Level 11 of a ziggurat
 66949 | Zig:11   | Reached skill level 10 in Air Magic
 66964 | Zig:11   | Found the +3 giant club "Skullcrusher" {speed, Str+7}
 67253 | Zig:11   | Identified The Arcane Secrets of Theurgy
 67272 | Zig:12   | Entered Level 12 of a ziggurat
 67284 | Zig:12   | Noticed a greater mummy
 67286 | Zig:12   | Reached skill level 14 in Fighting
 67289 | Zig:12   | Killed a greater mummy
 67289 | Zig:12   | Reached skill level 11 in Air Magic
 67484 | Zig:12   | Found the +5 scythe "Finisher" {speed, eviscerate}
 67490 | Zig:12   | Identified the Grimoire of Dark Combat Magic
 67497 | Zig:12   | Identified the ring "Qefyfohe" {+Inv MP+9} (You found it on
                  | level 12 of a ziggurat)
 67505 | Zig:13   | Entered Level 13 of a ziggurat
 67514 | Zig:13   | Found the +7 great mace "Firestarter" {inner flame, rF++}
 67591 | Zig:13   | Identified the ring of Awe {+Blink rF+ Str+8 Int+4 SInv}
                  | (You found it on level 13 of a ziggurat)
 67653 | Zig:13   | Identified the +5 ring mail of Fashionability {Str+6} (You
                  | found it on level 13 of a ziggurat)
 67660 | Zig:14   | Entered Level 14 of a ziggurat
 67674 | Zig:14   | Reached skill level 12 in Air Magic
 67686 | Zig:14   | Reached skill level 19 in Spellcasting
 67831 | Zig:14   | Identified the Catalogue of Evil and the Escort
 67833 | Zig:14   | Identified the Catalogue of the Dusty Traveller
 67862 | Zig:15   | Entered Level 15 of a ziggurat
 67868 | Zig:15   | Noticed an orb of fire
 67872 | Zig:15   | Noticed an orb of fire
 68485 | Slime:1  | Entered Level 1 of the Pits of Slime
 68776 | Slime:3  | Reached skill level 15 in Fighting
 68912 | Slime:5  | Entered Level 5 of the Pits of Slime
 69963 | Slime:5  | Noticed the Royal Jelly
 70007 | Slime:5  | Killed the Royal Jelly
 70007 | Slime:5  | Reached skill level 20 in Spellcasting
 70140 | Slime:4  | Learned a level 9 spell: Tornado
 70293 | Slime:5  | Found the +3 crown of Dyrovepreva {rElec Int+2 SInv}
 70296 | Slime:5  | Identified the +2 robe of Demons {Dex+4 Stlth+} (You found
                  | it on level 5 of the Pits of Slime)
 70300 | Slime:5  | Reached skill level 13 in Air Magic
 70356 | Slime:5  | Got a slimy rune of Zot
 70388 | Slime:5  | Identified the ring "Yvolem Yrph" {Str+5 Dex+2 SInv} (You
                  | found it on level 5 of the Pits of Slime)
 70437 | Slime:5  | Identified the +3 leather armour of the Dice {+Blink} (You
                  | found it on level 5 of the Pits of Slime)
 71182 | Vaults:5 | Entered Level 5 of the Vaults
 71183 | Vaults:5 | Reached XP level 27. HP: 231/231 MP: 45/53
 71229 | Vaults:5 | Reached skill level 16 in Fighting
 71308 | Vaults:5 | Reached skill level 14 in Air Magic
 71372 | Vaults:5 | Noticed an ancient lich
 71461 | Vaults:5 | Killed an ancient lich
 71463 | Vaults:5 | Noticed Xtahua
 71466 | Vaults:4 | Reached skill level 15 in Air Magic
 71590 | Vaults:5 | Killed Xtahua
 71685 | Vaults:5 | Noticed an ancient lich
 71689 | Vaults:5 | Killed an ancient lich
 72296 | Vaults:5 | Reached skill level 16 in Air Magic
 72413 | Vaults:5 | Got a silver rune of Zot
 73025 | Vaults:5 | Reached skill level 17 in Air Magic
 73944 | Depths:5 | Entered Level 5 of the Depths
 74188 | Depths:5 | Reached skill level 18 in Air Magic
 74707 | Depths:5 | Found a gate to the Realm of Zot.
 74849 | Zot:1    | Entered Level 1 of the Realm of Zot
 75264 | Zot:1    | Learned a level 4 spell: Airstrike
 75740 | Zot:1    | Identified the Handbook of Harmful Stones
 76005 | Zot:2    | Reached skill level 19 in Air Magic
 77428 | Zot:2    | Reached skill level 20 in Air Magic
 79265 | Zot:3    | Reached skill level 21 in Air Magic
 80892 | Zot:4    | Found a runed translucent door.
 80893 | Zot:4    | Noticed Leosch's ghost (legendary GrFi)
 81147 | Zot:5    | Entered Level 5 of the Realm of Zot
 81298 | Zot:5    | Noticed an orb of fire
 81305 | Zot:5    | Reached skill level 22 in Air Magic
 81310 | Zot:5    | Killed an orb of fire
 81504 | Zot:5    | Identified the amulet of Curem {*Slow rElec rPois Regen+
                  | Slay+2} (You found it on level 5 of the Realm of Zot)
 81923 | Zot:5    | Noticed an ancient lich
 81928 | Zot:5    | Noticed an ancient lich
 81929 | Zot:5    | Killed an ancient lich
 81933 | Zot:5    | Noticed an orb of fire
 81934 | Zot:5    | Noticed an ancient lich
 82064 | Zot:5    | Killed an ancient lich
 82207 | Zot:5    | Killed an orb of fire
 82285 | Zot:5    | Noticed an orb of fire
 82285 | Zot:5    | Gained mutation: Scrolls take you a little longer to read.
                  | [an orb of fire]
 82293 | Zot:5    | Gained mutation: Armour fits poorly on your strangely
                  | shaped body. [an orb of fire]
 82294 | Zot:5    | Killed an orb of fire
 82294 | Zot:5    | Reached skill level 23 in Air Magic
 82304 | Zot:5    | Noticed an orb of fire
 82318 | Zot:5    | Killed an orb of fire
 82465 | Zot:5    | Lost mutation: Scrolls take you a little longer to read.
                  | [potion of mutation]
 82465 | Zot:5    | Lost mutation: Armour fits poorly on your strangely shaped
                  | body. [potion of mutation]
 82465 | Zot:5    | Gained mutation: You evolve. [potion of mutation]
 82465 | Zot:5    | Gained mutation: You tend to lose your temper in combat.
                  | [potion of mutation]
 82465 | Zot:5    | Gained mutation: Your flesh is cold resistant. (rC+)
                  | [potion of mutation]
 82497 | Zot:5    | Noticed an ancient lich
 82500 | Zot:5    | Noticed an ancient lich
 82506 | Zot:5    | Killed an ancient lich
 82509 | Zot:5    | Killed an ancient lich
 82511 | Zot:5    | Killed an ancient lich
 83057 | Zot:5    | Gained mutation: You passively map a small area around you.
                  | [evolution]
 83591 | Zot:5    | Reached skill level 24 in Air Magic
 83684 | Zot:5    | Identified the +4 dragonskin cloak
 83684 | Zot:5    | Noticed Tiamat
 83686 | Zot:5    | Noticed an ancient lich
 83690 | Zot:5    | Noticed an ancient lich
 83695 | Zot:5    | Killed an ancient lich
 83697 | Zot:5    | Noticed an orb of fire
 83697 | Zot:5    | Killed an ancient lich
 83697 | Zot:5    | Noticed an orb of fire
 83704 | Zot:5    | Killed from afar by an orb of fire

Illustrated notes

Levels and vault maps discovered:
D:1:      dpeg_arrival_rooms_b, layout_rooms
D:2:      layout_basic, minmay_fountain_box
D:3:      layout_basic, old_standard_altar, chequers_garden, uniq_ijyb,
          uniq_crazy_yiuf_cottage
D:4:      layout_rooms, enter_ossuary_1, st_stairs_4, minmay_misc_feat_rows
D:5:      layout_basic, gammafunk_temple_overflow_elements
D:6:      minmay_chambers_of_threes, layout_loops_cross,
          nicolae_overflow_crystal_walls, old_standard_altar,
          minmay_temple_entry_fiery
D:7:      layout_basic, serial_shops, shop, shop, shop, shop
D:8:      lemuel_ice_spiral_2, layout_basic, enter_bailey_3
D:9:      layout_roguey, old_standard_altar,
          yredelemnul_forgotten_temple_becter, lair_entry_dummy,
          ploomutoo_gammafunk_ghost_potion_laboratory
D:10:     layout_irregular_city, david_orc_3, serial_shops, shop, shop,
          basic_altar, nicolae_blasting_shop, uniq_snorg, uniq_nergalle
D:11:     layout_roguey [special_room_orc], evilmike_minifort
D:12:     layout_roguey, uniq_fannar, uniq_maurice
D:13:     layout_roguey, uniq_jorgrun
D:14:     layout_roguey, david_vaults_5, basic_altar
D:15:     grunt_enter_depths_giant_problem, layout_loops_cross, serial_rivers,
          chequers_serial_rivers_micro_b, chequers_serial_rivers_micro_e,
          chequers_serial_rivers_marsh, chequers_serial_rivers_micro_d,
          serial_shops, shop, fountainhead, hangedman_decor_slide_cut,
          billiards_dpeg
Lair:1:   layout_loops_ring, lemuel_fruit_fields, grunt_megastairs_2
Lair:2:   layout_roguey, minmay_shoals_entry_centaurs, dummy_spider_entry,
          portal_ice_cave_entry_imps, uniq_maggie
Lair:3:   layout_regular_city
Lair:4:   layout_misc_corridors, infiniplex_staircase_pool, grunt_megastairs_4,
          serial_bayou_shore_a, uniq_kirke, uniq_josephine
Lair:5:   layout_hall_layers, dpeg_slime_entry_enclosed_altar,
          nicolae_lair_grove_arrangements, grunt_megastairs_3
Lair:6:   minmay_lair_end_enchanted_forest, layout_misc_corridors,
          grunt_megastairs_5
Shoals:1: layout_shoals, nicolae_shoals_flooded_hall, uniq_louise
Shoals:2: layout_shoals, uniq_ilsuiw, uniq_polyphemus, uniq_frances, uniq_aizul
Shoals:3: layout_shoals, serial_shops, shop, uniq_roxanne
Shoals:4: shoals_end_simple, layout_shoals, yaktaur_hedge
Spider:1: layout_spider_delve, zaba_anthell
Spider:2: layout_spider_delve
Spider:3: layout_spider_delve, spiders_nest_spider_trap, uniq_donald,
          uniq_azrael
Spider:4: spider_rune_water
Slime:1:  layout_caves
Slime:2:  cheibrodos_slime_lost_civilization_2, layout_caves
Slime:3:  cheibrodos_slime_lost_civilization_8, layout_caves
Slime:4:  layout_caves
Slime:5
Orc:1:    layout_diamond_mine, chequers_guarded_unrand_ignorance, uniq_gastronok
Orc:2:    st_orc_open, layout_caves, gammafunk_ghost_split, special_room
Elf:1:    eino_elf_arrival_customs, layout_gridlike, ebering_ghost_inner_flame,
          minmay_elf_sorcery, uniq_asterion
Elf:2:    layout_geoelf_grid
Elf:3:    elf_hall, layout_geoelf_castle, serial_shops, nicolae_shop_trees,
          hangedman_elf_simple_split, st_stairs_4
Vaults:1: vaults_dpeg_cross, vaults_dpeg_encased_lava,
          nicolae_vaults_fighting_squares, v_misc_32, nicolae_vaults_asterisk,
          hangedman_vaults_variations, ontoclasm_vaults_misaligned,
          layout_vaults_omnigrid
Vaults:2: minmay_crypt_entry_simple_statues, dpeg_vaults_monster_box, v_misc_26,
          v_pattern_2, nicolae_vaults_twisting_passages, v_alt_pattern_6,
          ontoclasm_vaults_spin, nicolae_vaults_diagonal_hallway_7,
          layout_vaults_omnicross, serial_shops, nicolae_shop_behind_doors,
          uniq_bai_suzhen
Vaults:3: nicolae_vaults_circle_grid_b, v_misc_2,
          vaults_standard_mumra_enter_the_diamond, vaults_room_guarded_vault,
          nicolae_vaults_network_quincunx
          [nicolae_vaults_network_quincunx_subvault,
          nicolae_vaults_network_quincunx_subvault,
          nicolae_vaults_network_quincunx_subvault,
          nicolae_vaults_network_quincunx_subvault,
          nicolae_vaults_network_quincunx_subvault],
          ontoclasm_vaults_ring_large, hangedman_vaults_stream,
          ontoclasm_vaults_ligature, hangedman_vaults_hat,
          hangedman_vaults_maws, nicolae_vaults_circle_grid_b,
          layout_vaults_maze_snakey, uniq_boris, uniq_mennas
Vaults:4: gammafunk_vaults_ghost_tricky_traps, v_misc_18, v_misc_17,
          vaults_mumra_minichess_inversion, st_hourglassy,
          nicolae_vaults_rhombus_5, layout_vaults_chaotic_city, uniq_margery
Vaults:5: serial_shops, uniq_xtahua
Crypt:1:  layout_misc_corridors, hex_tiny, uniq_saint_roka, uniq_sojobo
Crypt:2:  hangedman_hall_of_fallen_heroes, layout_chaotic_city,
          gammafunk_ghost_grave
Crypt:3:  church_of_pain_bobbens, layout_chaotic_city, item_on_display_a
Depths:1: layout_roguey, abyss_entry, hell_entry, skrybe_limestone_x,
          serial_shops, nicolae_shop_stone, serial_bayou_ford_a,
          minmay_st_funbox, minmay_the_grid_square_5x5_3x3_mashed
          [minmay_the_grid_square_5x5_hollow_slash,
          minmay_the_grid_square_5x5_three,
          minmay_the_grid_square_5x5_tetrominoes,
          minmay_the_grid_square_5x5_minivault,
          minmay_the_grid_square_5x5_megaprize_hollow,
          minmay_the_grid_square_5x5_percent, minmay_the_grid_square_5x5_plus,
          minmay_the_grid_square_5x5_c, minmay_the_grid_square_5x5_shrine1]
Depths:2: minmay_shoctagon, layout_gridlike, hell_entry, grunt_decor_clamped,
          infiniplex_staircase_river, hangedman_decor_cross_pass
Depths:3: evilmike_pillar_path, layout_gridville, serial_sigils,
          serial_sigils_hangedman_writhe, serial_sigils_hangedman_leer,
          serial_sigils_hangedman_carve, serial_sigils_hangedman_shear,
          serial_sigils_hangedman_scar, serial_sigils_hangedman_quiver,
          rand_demon_pan_entry_4, abyss_entry, hell_entry,
          minmay_misc_feat_columns, serial_bayou_shore_b,
          infiniplex_staircase_spiral
Depths:4: minmay_bloctagon, layout_gridlike, enter_ziggurat_a, grunt_hell_horde,
          kennysheep_cross_room, abyss_entry, serial_shops,
          nicolae_shop_statue_plus, minmay_misc_feat_more_columns,
          lemuel_nasty_fountain
Depths:5: evilmike_zot_entry_basic, layout_cave_pools,
          abyss_entry_small_statue_room, pf_coc_iceberg, minmay_misc_feat_square
Zot:1:    kennysheep_six_static_rooms, layout_cathedral_of_symmetry
Zot:2:    layout_onion_interference, zot_minivault_4
Zot:3:    layout_gridlike, st_single_dragon_hoard_4, grunt_megastairs_1
Zot:4:    layout_basic, gammafunk_ghost_grave, lemuel_lake_of_fire
Zot:5:    layout_misc_corridors, uniq_tiamat

Skill      XL: |  1  2  3  4  5  6  7  8  9 10 11 12 13 14 15 16 17 18 19 20 21 22 23 24 25 26 27 |
---------------+----------------------------------------------------------------------------------+-----
Conjurations   | 2 3 4 5 7 8 9 10 11 12 13 14 15 18 | 18.0
Fire Magic     | 3 4 5 6 8 9 10 11 12 14 16 18 19 20 | 20.9
Spellcasting   | 2 3 4 6 8 10 12 13 15 16 17 18 20 | 20.4
Fighting       | 3 5 6 8 9 10 13 15 16 | 16.7
Dodging        | 4 6 8 |  8.0
Evocations     | 4 6 |  6.0
Shields        | 4 7 11 14 15 | 15.0
Earth Magic    | 3 8 |  8.0
Necromancy     | 4 |  4.0
Armour         | 3 4 |  4.0
Air Magic      | 5 6 9 13 24 | 24.0
Stealth        | |  1.7

Action                   |  1- 3 |  4- 6 |  7- 9 | 10-12 | 13-15 | 16-18 | 19-21 | 22-24 | 25-27 || total
-------------------------+-------+-------+-------+-------+-------+-------+-------+-------+-------++-------
Melee: Unarmed           |    12 |       |       |       |       |       |       |       |       ||    12
       Staff             |       |    19 |     8 |    74 |    25 |    19 |     5 |     3 |    27 ||   180
Throw: Dart              |       |       |     2 |     3 |       |     3 |       |       |       ||     8
 Cast: Foxfire           |    94 |   117 |   317 |   234 |       |       |       |       |       ||   762
       Sticky Flame      |       |       |    35 |    95 |    20 |    20 |     1 |       |       ||   171
       Fireball          |       |       |     4 |   102 |   103 |   257 |    51 |     9 |    26 ||   552
       Starburst         |       |       |       |    24 |   226 |    99 |       |       |       ||   349
       Ignition          |       |       |       |       |       |   156 |   210 |   128 |   180 ||   674
       Iron Shot         |       |       |       |       |       |    59 |   244 |   175 |   284 ||   762
       Sublimation of Bl |       |       |       |       |       |       |    23 |    12 |     1 ||    36
       Orb of Destructio |       |       |       |       |       |       |     2 |       |     4 ||     6
       Irradiate         |       |       |       |       |       |       |       |       |    13 ||    13
       Airstrike         |       |       |       |       |       |       |       |       |    58 ||    58
       Tornado           |       |       |       |       |       |       |       |       |    10 ||    10
Evoke: Wand              |       |       |     4 |     6 |     1 |    27 |     3 |     1 |    15 ||    57
       Tin of tremorston |       |       |       |     1 |       |     6 |       |     2 |       ||     9
       Phial of floods   |       |       |       |       |       |     2 |     1 |       |       ||     3
       Box of beasts     |       |       |       |       |       |     1 |       |       |     1 ||     2
       Phantom mirror    |       |       |       |       |       |     1 |       |       |       ||     1
  Use: Scroll            |       |    12 |     4 |    11 |     9 |    11 |     9 |    16 |    22 ||    94
       Potion            |       |     1 |     4 |     2 |     2 |     8 |     3 |     2 |    14 ||    36
 Stab: Paralysed         |       |       |       |       |       |     1 |       |       |       ||     1
Armor: Robe              |     1 |     6 |     5 |    51 |    42 |   117 |    35 |    13 |    14 ||   284
       Skin              |     2 |       |     1 |       |       |       |       |       |    11 ||    14
Dodge: Dodged            |    13 |    20 |    32 |   179 |   128 |   293 |    58 |    59 |   112 ||   894
Block: Buckler           |       |       |       |       |    51 |    88 |     8 |       |       ||   147
       Kite shield       |       |       |       |       |       |       |    59 |    53 |   128 ||   240
       Reflection        |       |       |       |       |       |       |     1 |       |       ||     1

Table legend: (Time is in decaauts)
 A = Elapsed time spent in this place.
 B = Non-inter-level travel time spent in this place.
 C = Inter-level travel time spent in this place.
 D = Time resting spent in this place.
 E = Time spent auto-exploring this place.
 F = Levels seen in this place.
 G = Mean time per level.
                   A        B        C        D        E       F      G
               +--------+--------+--------+--------+--------+-----+--------+
         Total |  84146 |  78757 |   5389 |  17231 |  49633 |  75 | 1121.9 |
       Dungeon |  16791 |  15185 |   1606 |    715 |  11976 |  15 | 1119.4 |
          Lair |   8962 |   7889 |   1073 |   1094 |   5766 |   6 | 1493.7 |
        Shoals |   6260 |   6113 |    147 |   1430 |   3805 |   4 | 1565.0 |
   Spider Nest |   5778 |   5400 |    378 |   1858 |   2700 |   4 | 1444.5 |
    Slime Pits |   2306 |   2233 |     73 |   1780 |      0 |   5 |  461.2 |
  Orcish Mines |   3069 |   2585 |    484 |    334 |   1724 |   2 | 1534.5 |
   Elven Halls |   4232 |   4027 |    205 |    542 |   2779 |   3 | 1410.7 |
        Vaults |  10963 |  10395 |    568 |   1844 |   7353 |   5 | 2192.6 |
         Crypt |   5250 |   5108 |    142 |   1271 |   3150 |   3 | 1750.0 |
        Depths |   7515 |   7011 |    504 |   1021 |   5240 |   5 | 1503.0 |
           Zot |   8845 |   8638 |    207 |   3046 |   4725 |   5 | 1769.0 |
      Ziggurat |   1650 |   1650 |      0 |    837 |    195 |  15 |  110.0 |
       Ossuary |    799 |    799 |      0 |    544 |      0 |   1 |  799.0 |
        Bailey |   1354 |   1354 |      0 |    645 |    218 |   1 | 1354.0 |
      Ice Cave |    365 |    365 |      0 |    268 |      0 |   1 |  365.0 |
               +--------+--------+--------+--------+--------+-----+--------+
